 Dungeon Crawl Stone Soup version 0.30-a0-691-g754fce4c43 (webtiles) character file.

Game seed: 1313464753682410834

1881 pokeman the Thaumaturge (level 8, -2/44 HPs)
             Began as a Deep Elf Hedge Wizard on Jan 19, 2023.
             Succumbed to a water moccasin's poison
             ... on level 7 of the Dungeon.
             The game lasted 00:14:07 (7628 turns).

pokeman the Thaumaturge (Deep Elf Hedge Wizard)     Turns: 7628, Time: 00:14:08

Health: -2/44      AC:  6    Str:  7    XL:     8   Next: 91%
Magic:  2/24       EV: 13    Int: 22    God:
Gold:   312        SH:  0    Dex: 14    Spells: 20/28 levels left

rFire   . . .      SeeInvis .    p - +0 whip (elec)
rCold   + . .      Faith    .    (no shield)
rNeg    . . .      Spirit   .    B - +2 robe {Will+}
rPois   .          Reflect  .    c - +0 hat
rElec   .          Harm     .    a - +0 cloak
rCorr   .          Rampage  .    (no gloves)
Will    +....                    u - +0 pair of boots
Stlth   ++                       (no amulet)
HPRegen 0.27/turn                r - ring of protection from cold
MPRegen 0.19/turn                (no ring)

@: lethally poisoned (-2 -> -17)
A: no striking features
a: no special abilities


You were on level 7 of the Dungeon.
You visited 2 branches of the dungeon, and saw 8 of its levels.
You also visited: Sewer.

You collected 312 gold pieces.

Inventory:

Hand Weapons
 p - a +0 whip of electrocution (weapon)
Missiles
 y - 3 curare-tipped darts
 z - a throwing net
Armour
 a - a +0 cloak (worn)
 c - a +0 hat (worn)
 u - a +0 pair of boots (worn)
 B - a +2 robe of willpower (worn)
Magical Staves
 D - a staff of poison
Jewellery
 r - a ring of protection from cold (left hand)
Wands
 n - a wand of mindburst (5)
 t - a wand of light (8)
Scrolls
 f - 2 scrolls of fear {unknown}
 g - 4 scrolls of amnesia {unknown}
 h - 2 scrolls of vulnerability {unknown}
 j - 3 scrolls of enchant weapon {unknown}
 k - 4 scrolls of identify {unknown}
 v - a scroll of noise {unknown}
 w - a scroll of brand weapon {unknown}
 x - 3 scrolls of butterflies {unknown}
 C - 2 scrolls of teleportation {unknown}
Potions
 b - a potion of brilliance {unknown}
 d - a potion of magic
 e - a potion of berserk rage {unknown}
 i - 2 potions of curing
 l - a potion of cancellation {unknown}
 m - a potion of degeneration {unknown}
 o - a potion of mutation {unknown}
 q - 4 potions of heal wounds {unknown}
 s - a potion of attraction {unknown}
 A - 2 potions of haste {unknown}


   Skills:
 - Level 2.1 Fighting
 + Level 3.1 Armour
 - Level 3.0 Dodging
 - Level 3.1 Stealth
 * Level 10.5 Spellcasting
 + Level 5.6 Conjurations
 + Level 4.6 Summonings
 - Level 1.1 Translocations
 - Level 1.1 Air Magic
 - Level 1.1 Poison Magic
 - Level 1.3 Evocations


You had 20 spell levels left.
You knew the following spells:

 Your Spells              Type           Power      Damage    Failure   Level
a - Magic Dart            Conj           100%       1d8       1%          1
b - Mephitic Cloud        Conj/Pois/Air  23%        N/A       6%          3
c - Call Imp              Summ           31%        N/A       1%          2
d - Blink                 Tloc           32%        N/A       5%          2

Your spell library contained the following spells:

 Spells                   Type           Power      Damage    Failure   Level
 Momentum Strike          Conj/Tloc      52%        3d9       2%          2
 Lesser Beckoning         Tloc           32%        N/A       5%          2
 Slow                     Hex            44%        N/A       6%          1
 Cigotuvi's Dreadful Rot  Necr/Pois/Air  28%        N/A       6%          2
 Vhi's Electric Charge    Tloc/Air       32%        N/A       11%         3
 Arcjolt                  Conj/Air       13%        1d23      36%         5
 Maxwell's Capacitive Co  Air            8%         ∞         100%        8


Dungeon Overview and Level Annotations

Branches:
Dungeon (7/15)             Temple (1/1) D:4           Sewer (visited)

Altars:
Ashenzari
Cheibriados
Elyvilon
Fedhas
Gozag
Hepliaklqana
Kikubaaqudgha
Nemelex Xobeh
Okawaru
Qazlal
Ru
Trog
Uskayaw
Wu Jian
Zin
The Shining One

Shops:
D:4 :

Portals:
Abyss: D:3

Annotations:
D:3 2 transporters, KennySheep's ghost, amateur NaVM


Message History

The water moccasin barely misses you.
You hit the water moccasin.
The water moccasin is severely wounded.
The water moccasin bites you.
* * * LOW HITPOINT WARNING * * *
You are poisoned.
The water moccasin poisons you!
You hit the water moccasin.
The water moccasin is severely wounded.
* * * LOW HITPOINT WARNING * * *
You feel very sick. The water moccasin misses you.
The water moccasin barely misses you.
Unknown command.
You miss the water moccasin.
The water moccasin is severely wounded.
* * * LOW HITPOINT WARNING * * *
You feel very sick. The water moccasin barely misses you.
Unknown command.
Aiming: Bolt of Light
Press: ? - help, Shift-Dir - straight line The bolt of light misses the water moccasin.
The bolt of light hits the crimson imp!
The crimson imp is heavily wounded.
The crimson imp is blinded.
The bolt of light misses the orc priest.
* * * LOW HITPOINT WARNING * * *
You feel sick. The water moccasin closely misses you.
The water moccasin bites you.
* * * LOW HITPOINT WARNING * * *
You are more poisoned.
The water moccasin poisons you!
Unknown command.
Aiming: Bolt of Light
Press: ? - help, Shift-Dir - straight line The bolt of light misses the water moccasin.
The bolt of light misses the crimson imp.
The bolt of light hits the orc priest.
The orc priest is severely wounded.
You die...

##.#.#.###.# #..#
...........####..# #
#.#.#.###...[#..# #
##....#.(.##.#..# #
#.....#.)###....#### #
######.(o...>.......# #
.......5Y.........#.# #
.######S#.###.#...#.####
#@### #........... #..#
#...###.#### ....' #[#.#
#.# # #.#..#. ###.# #.#
# ......### #.# #†# #
#....... #. #.# # #.
..... #.# # #.####.# #.#
# ..## #


You could see a water moccasin (blind), a sky beast, an orc priest (blind) and a
crimson imp (blind).

Vanquished Creatures
  Eustachio (D:6)
  A black bear (D:4)
  An ice beast (D:5)
  3 ogres (D:4)
  Blork the orc (D:6)
  A bullfrog (D:6)
  A scorpion (D:7)
  4 wights (D:6)
  A howler monkey (D:6)
  2 orc priests
  A jelly (D:6)
  4 hounds
  A gnoll bouda (D:5)
  2 orc wizards
  Natasha (D:3)
  An iguana (D:5)
  8 gnolls
  6 adders
  A shadow imp (D:6)
  A white imp (D:6)
  An ufetubus (D:4)
  20 orcs
  5 endoplasms
  7 giant cockroaches
  4 goblins
  4 hobgoblins
  8 jackals
  5 quokkas
  7 ball pythons
  7 bats
  2 frilled lizards (D:1)
  8 kobolds
  4 rats
124 creatures vanquished.

Vanquished Creatures (collateral kills)
  A water moccasin (Sewer)
  An ice beast (D:4)
  A wight (D:6)
  A gnoll (D:2)
  An adder (D:6)
  A kobold (D:2)
6 creatures vanquished.

Grand Total: 130 creatures vanquished

Notes
Turn   | Place    | Note
-------+----------+-------------------------------------------
     0 | D:1      | pokeman the Deep Elf Hedge Wizard began the quest for the
                  | Orb.
     0 | D:1      | Reached XP level 1. HP: 10/10 MP: 7/7
   289 | D:1      | Reached XP level 2. HP: 16/16 MP: 1/9
   484 | D:1      | Reached skill level 5 in Spellcasting
   516 | D:1      | Found a faded altar of an unknown god.
   814 | D:1      | Reached XP level 3. HP: 20/20 MP: 9/11
   818 | D:1      | Learned a level 3 spell: Mephitic Cloud
   821 | D:1      | Learned a level 2 spell: Call Imp
   824 | D:1      | Learned a level 2 spell: Blink
  1378 | D:2      | Reached skill level 1 in Fighting
  1378 | D:2      | Reached skill level 1 in Armour
  1549 | D:2      | Reached XP level 4. HP: 11/25 MP: 0/13
  2222 | D:3      | Found a one-way gate to the infinite horrors of the Abyss.
  2222 | D:3      | Noticed KennySheep's ghost (amateur NaVM)
  2223 | D:3      | Noticed a small abomination
  2230 | D:3      | Found a transporter.
  2433 | D:3      | Found a transporter.
  2512 | D:3      | Noticed Natasha
  2517 | D:3      | Killed Natasha
  2649 | D:3      | Reached skill level 6 in Spellcasting
  2652 | D:3      | Reached XP level 5. HP: 29/29 MP: 9/15
  2826 | D:3      | Identified the +4 plate armour "Lealeif" {rElec Will- Int+2
                  | Dex+4}
  3326 | D:4      | Noticed an ogre
  3351 | D:4      | Noticed a black bear
  3361 | D:4      | Found Qets's Book Shop.
  3369 | D:4      | Killed a black bear
  3370 | D:4      | Reached skill level 1 in Air Magic
  3370 | D:4      | Reached skill level 1 in Evocations
  3477 | D:4      | Found a glowing drain.
  3499 | D:4      | Reached XP level 6. HP: 29/34 MP: 1/17
  3551 | Sewer    | Entered a sewer
  3694 | Sewer    | Noticed a water moccasin
  3721 | Sewer    | Killed a water moccasin
  3722 | Sewer    | Reached skill level 7 in Spellcasting
  3722 | Sewer    | Reached skill level 1 in Poison Magic
  4129 | D:4      | Found a staircase to the Ecumenical Temple.
  4152 | Temple   | Entered the Ecumenical Temple
  4506 | D:4      | Reached XP level 7. HP: 16/39 MP: 5/20
  4835 | D:5      | Entered Level 5 of the Dungeon
  4842 | D:5      | Reached skill level 8 in Spellcasting
  5589 | D:5      | Reached XP level 8. HP: 36/44 MP: 14/22
  6184 | D:6      | Noticed Eustachio
  6216 | D:6      | Noticed Blork the orc
  6387 | D:6      | Killed Blork the orc
  6388 | D:6      | Reached skill level 9 in Spellcasting
  6404 | D:6      | HP: 2/44 [white imp/puff of frost (2)]
  6768 | D:6      | Killed Eustachio
  6769 | D:6      | Reached skill level 5 in Conjurations
  6830 | D:6      | Reached skill level 10 in Spellcasting
  7627 | D:7      | HP: 2/44 [water moccasin (4)]
  7628 | D:7      | Succumbed to a water moccasin's poison

Illustrated notes

Levels and vault maps discovered:
D:1:      kennysheep_arrival_seaside, layout_loops_ring,
          ebering_ecumenical_altar_petrified, chequers_avenue
D:2:      layout_rooms, minmay_misc_feat_tower
D:3:      layout_loops_ring, gammafunk_ghost_abyssal_escape, patterned_corridor,
          uniq_natasha
D:4:      layout_cave_pods, minmay_temple_entry_drinking_statues,
          gup_sewer_entry_pipe, serial_shops, nicolae_shop_stone
D:5:      layout_cave_pods
D:6:      layout_loops_ring, hangedman_decor_growths, uniq_eustachio,
          uniq_blork_the_orc
D:7:      layout_loops_ring, overflow_temple_1_default,
          grunt_temple_overflow_champion_of_chaos, minmay_unpleasant_kobolds,
          uniq_crazy_yiuf_cottage
Temple:   kb_temple_of_zot

Skill      XL: |  1  2  3  4  5  6  7  8 |
---------------+-------------------------+-----
Spellcasting   | 5 6 7 8 10 | 10.5
Fighting       | 1 2 |  2.1
Armour         | 1 3 |  3.1
Conjurations   | 2 3 4 5 |  5.6
Stealth        | 3 |  3.1
Dodging        | 3 |  3.0
Air Magic      | 1 |  1.1
Evocations     | 1 |  1.3
Poison Magic   | 1 |  1.1
Summonings     | 2 3 4 |  4.6
Translocations | |  1.1

Action                   |  1- 3 |  4- 6 |  7- 9 || total
-------------------------+-------+-------+-------++-------
Melee: Dagger            |    33 |       |       ||    33
       Punch             |     1 |       |     1 ||     2
       Whip              |       |    28 |    62 ||    90
 Cast: Magic Dart        |    73 |   134 |   160 ||   367
       Mephitic Cloud    |     2 |     3 |    15 ||    20
       Call Imp          |     1 |     3 |     7 ||    11
       Blink             |       |     1 |     4 ||     5
Evoke: Wand              |       |       |     3 ||     3
 Stab: Sleeping          |     1 |     1 |       ||     2
       Confused          |     1 |     2 |     6 ||     9
Armor: Robe              |     7 |    14 |    25 ||    46
Dodge: Dodged            |    32 |    44 |    85 ||   161

Table legend: (Time is in decaauts)
 A = Elapsed time spent in this place.
 B = Non-inter-level travel time spent in this place.
 C = Inter-level travel time spent in this place.
 D = Time resting spent in this place.
 E = Time spent auto-exploring this place.
 F = Levels seen in this place.
 G = Mean time per level.
                   A        B        C        D        E       F      G
               +--------+--------+--------+--------+--------+-----+--------+
         Total |   7654 |   7352 |    302 |    528 |   5596 |   9 |  850.4 |
       Dungeon |   7185 |   6898 |    287 |    520 |   5218 |   7 | 1026.4 |
        Temple |    196 |    181 |     15 |      0 |    170 |   1 |  196.0 |
         Sewer |    272 |    272 |      0 |      8 |    207 |   1 |  272.0 |
               +--------+--------+--------+--------+--------+-----+--------+

Top non-repeatable levels by time:
     D:5: 1438 daAuts
     D:1: 1370 daAuts
     D:4: 1350 daAuts
     D:3: 1089 daAuts
     D:6: 1015 daAuts
     D:2: 792 daAuts
   Sewer: 272 daAuts
  Temple: 196 daAuts
     D:7: 128 daAuts
